 Dungeon Crawl Stone Soup version 0.27-a0-1188-g73eefd5def (webtiles) character file.

Game seed: 6802348251488957536

16 Goblin1989 the Sneak (level 2, 0/24 HPs)
             Began as a Demonspawn Delver on May 20, 2021.
             Slain by a hound (5 damage)
             ... on level 2 of the Dungeon.
             The game lasted 00:02:20 (460 turns).

Goblin1989 the Sneak (Demonspawn Delver)             Turns: 460, Time: 00:02:21

Health: 0/24       AC:  3    Str: 12    XL:     2   Next: 37%
Magic:  2/2        EV: 11    Int: 11    God:
Gold:   0          SH:  4    Dex: 14    Spells: 1/1 levels left

rFire    . . .     SeeInvis .   a - +0 mace
rCold    . . .     Faith    .   (no shield)
rNeg     . . .     Spirit   .   P - +0 leather armour
rPois    .         Reflect  .   (no helmet)
rElec    .         Harm     .   (no cloak)
rCorr    .         Rampage  .   (no gloves)
Will     .....                  (no boots)
Stlth    ++........             (no amulet)
HPRegen  0.08/turn              (no ring)
MPRegen  0.08/turn              (no ring)

@: no status effects
A: condensation shield
a: no special abilities


You were on level 2 of the Dungeon.
You visited 1 branch of the dungeon, and saw 4 of its levels.

Inventory:

Hand Weapons
 a - a +0 mace (weapon)
 b - a +2 trident of venom
Armour
 P - a +0 leather armour (worn)
Wands
 g - a wand of digging (3) {@v1}
Scrolls
 c - a scroll of fog
 e - a scroll of fear
 M - a scroll of magic mapping
 N - 2 scrolls of enchant armour {unknown}
 O - a scroll of noise {unknown}
Potions
 f - a potion of haste {@q3,}


   Skills:
 - Level 3.0 Fighting
 + Level 2.8 Maces & Flails
 - Level 1.7 Dodging
 - Level 4.5 Stealth


You had one spell level left.
You didn't know any spells.
Your spell library was empty.

Dungeon Overview and Level Annotations

Branches:
Dungeon (5/15)
 Temple: D:4-7

Altars:
Yredelemnul

Annotations:
D:4 Natasha


Innate Abilities, Weirdness & Mutations

A meltable shield of frost defends you. (SH +4)


Message History

O - a scroll labelled WIM DIRIFAVI Natasha, Servant of Life and Death comes into view.
Found 23 sling bullets.
Found a glowing trident.
Found two stone staircases leading down.
Found a stone staircase leading up.
You see here a +2 trident of venom.
P - a +2 trident of venom Your +2 trident of venom begins to drip with poison!
P - a +2 trident of venom (weapon)
There is a stone staircase leading up here.
You climb upwards.
A bat comes into view.
Found a stone staircase leading down.
There is a stone staircase leading down here.
The helpless bat fails to defend itself.
You hit the bat.
The bat is moderately wounded.
The bat hits you but does no damage.
You hit the bat.
You kill the bat!
Adjust (i)tems, (s)pells, or (a)bilities?
P - a +2 trident of venom (weapon)
Adjust to which letter? (? for menu, Esc to quit)
b - a +2 trident of venom (weapon);
P - a +0 leather armour (worn)
Your +2 trident of venom stops dripping with poison.
a - a +0 mace (weapon)
Your +2 trident of venom begins to drip with poison!
b - a +2 trident of venom (weapon)
Your +2 trident of venom stops dripping with poison.
a - a +0 mace (weapon)
There is a stone staircase leading down here.
A jackal comes into view.
A jackal comes into view.
There is a stone staircase leading down here.
You see here a bat corpse.
Found a stone staircase leading up.
Found a scroll labelled YSOF XUHOCW.
A hobgoblin comes into view.
You see here a scroll labelled YSOF XUHOCW.
N - 2 scrolls labelled YSOF XUHOCW (gained 1)
The hobgoblin shouts!
There is a stone staircase leading up here.
The hobgoblin misses you.
You closely miss the hobgoblin. The hobgoblin misses you.
You completely miss the hobgoblin. You block the hobgoblin's attack.
You hit the hobgoblin.
The hobgoblin is severely wounded.
The hobgoblin barely misses you.
You hit the hobgoblin.
You kill the hobgoblin!
You see here a hobgoblin corpse.
There is a stone staircase leading up here.
There are no items here.
You climb upwards.
Found a scroll labelled WASTRA IBA WIJES and 10 gold pieces.
There is a stone staircase leading down here.
A hound comes into view.
The hound closely misses you.
You sock the hound!
The hound is heavily wounded.
The hound bites you but does no damage. The hound bites you.
You take 1 damage, and have 23/24 hp.
You closely miss the hound.
The hound is heavily wounded.
The hound misses you. The hound closely misses you.
You barely miss the hound.
The hound is heavily wounded.
The hound bites you.
You take 1 damage, and have 22/24 hp.
You closely miss the hound.
The hound is heavily wounded.
The hound bites you. The hound barely misses you.
You take 2 damage, and have 20/24 hp.
You closely miss the hound.
The hound is heavily wounded.
The hound barely misses you. The hound closely misses you.
You closely miss the hound.
The hound is heavily wounded.
The hound closely misses you. The hound bites you.
You take 2 damage, and have 18/24 hp.
You hit the hound but do no damage.
The hound is heavily wounded.
The hound closely misses you. The hound bites you.
You take 4 damage, and have 14/24 hp.
You hit the hound.
The hound is severely wounded.
The hound bites you.
* * * LOW HITPOINT WARNING * * *
The hound barely misses you.
You take 4 damage, and have 10/24 hp.
You closely miss the hound.
The hound is severely wounded.
The hound closely misses you. The hound barely misses you.
You hit the hound.
The hound is severely wounded.
The hound bites you.
* * * LOW HITPOINT WARNING * * *
The hound bites you.
You die...

█...█ ..
█...█ ...
█...███...
█.........
█.>.......
██........
█........
█.█.....█
█@█.███.█
█h█.█ █
... .
.█.█.█
█.█.█.█ █
█▲█ █


You could see a hound.

Vanquished Creatures
  An adder (D:4)
  A bat (D:3)
  An endoplasm (D:4)
  A goblin (D:4)
  2 hobgoblins
6 creatures vanquished.

Notes
Turn   | Place    | Note
-------+----------+-------------------------------------------
     0 | D:5      | Goblin1989 the Demonspawn Delver began the quest for the
                  | Orb.
     0 | D:5      | Reached XP level 1. HP: 18/18 MP: 1/1
     2 | D:5      | Found a basalt altar of Yredelemnul.
    88 | D:4      | Gained mutation: A meltable shield of frost defends you.
                  | (SH +4) [demonic ancestry]
    88 | D:4      | Reached XP level 2. HP: 8/24 MP: 2/2
   355 | D:4      | Noticed Natasha
   460 | D:2      | Slain by a hound

Illustrated notes

Levels and vault maps discovered:
D:2:      layout_basic, basic_altar
D:3:      layout_rooms, serial_co_window_serial, co_window_paths_a,
          co_window_paths_a, co_window_cross_1, co_window_corner_a,
          co_window_paths_b, co_window_paths_b, co_window_paths_a,
          co_window_of_opportunity_a, co_window_corner_a, co_window_2corner,
          co_window_broadway_c, co_window_corner_cb, co_window_broadway_c,
          glass_columns_a, glass_columns_a, serial_bayou_pond_e
D:4:      layout_layer_cave, wad_orctagon, uniq_natasha
D:5:      layout_gridville, general_overflow_altar, lemuel_crystal_altar,
          serial_shops, kennysheep_mini, grunt_ministairs_15,
          corexii_checkpoint_a, amethyst_killhole

Skill      XL: |  1 |
---------------+----+-----
Maces & Flails | 2 |  2.8
Fighting       | |  3.0
Dodging        | |  1.7
Stealth        | |  4.5

Action                   || total
-------------------------++-------
Melee: Mace              ||    26
       Trident           ||     2
 Stab: Sleeping          ||     1
Armor: Leather armour    ||     5
Dodge: Dodged            ||    18
Block: Other             ||     1

Table legend: (Time is in decaauts)
 A = Elapsed time spent in this place.
 B = Non-inter-level travel time spent in this place.
 C = Inter-level travel time spent in this place.
 D = Time resting spent in this place.
 E = Time spent auto-exploring this place.
 F = Levels seen in this place.
 G = Mean time per level.
                   A        B        C        D        E       F      G
               +--------+--------+--------+--------+--------+-----+--------+
         Total |    465 |    465 |      0 |    209 |      0 |   4 |  116.2 |
       Dungeon |    465 |    465 |      0 |    209 |      0 |   4 |  116.2 |
               +--------+--------+--------+--------+--------+-----+--------+

Top non-repeatable levels by time:
     D:4: 378 daAuts
     D:3: 51 daAuts
     D:5: 19 daAuts
     D:2: 16 daAuts
